 Dungeon Crawl Stone Soup version 0.17.0-26-gececa24 (console) character file.

5563 gw the Martial Artist (level 10, -3/63 HPs)
             Began as a Gargoyle Monk on Nov 20, 2015.
             Was a Priest of Nemelex Xobeh.
             Slain by Erolcha
             ... wielding a +0 giant spiked club
              (6 damage)
             ... on level 9 of the Dungeon.
             The game lasted 00:14:09 (10906 turns).

gw the Martial Artist (Gargoyle Monk)              Turns: 10906, Time: 00:14:09

Health: -3/63      AC: 29    Str: 15      XL:     10   Next: 72%
Magic:  14/14      EV:  5    Int: 10 (11) God:    Nemelex Xobeh [***...]
Gold:   539        SH:  0    Dex: 15      Spells: 0 memorised, 9 levels left

rFire  . . .     SeeInvis .       - Unarmed
rCold  . . .     Clarity  .     m - +1 plate armour
rNeg   + . .     SustAt   .     (no shield)
rPois  ∞         Gourm    .     f - +2 hat
rElec  +         Spirit   .     h - +0 cloak
rCorr  .         Warding  .     g - +2 pair of gloves
rMut   .         Stasis   .     (no boots)
MR     .....                    d - amulet of rage
Stlth  ..........               (no ring)
                                y - -5 ring of slaying (curse)

@: not resistant to hostile enchantments, extremely unstealthy
A: slimy green scales 1, breathe flames 1, deterioration 1, negative energy
resistance 1, electricity resistance, unbreathing, petrification resistance, rot
immunity, AC +7
a: Triple Draw, Renounce Religion, Breathe Fire, Evoke Berserk Rage


You were on level 9 of the Dungeon.
You worshipped Nemelex Xobeh.
Nemelex Xobeh was most pleased with you.
You were not hungry.

You visited 1 branch of the dungeon, and saw 9 of its levels.
You also visited: Sewer.

You collected 539 gold pieces.

Inventory:

Missiles
 e - 172 stones
 l - 28 poisoned needles
 s - 8 needles of confusion
 v - 7 tomahawks (quivered)
 F - 2 tomahawks of dispersal
Armour
 f - a +2 hat (worn)
 g - a +2 pair of gloves (worn)
 h - a +0 cloak (worn)
 m - a +1 plate armour (worn)
Jewellery
 d - an amulet of rage (around neck)
 y - a cursed -5 ring of slaying (left hand)
Wands
 c - a wand of paralysis (10)
Scrolls
 a - 11 scrolls of remove curse
 i - 4 scrolls of identify
 n - a scroll of torment {unknown}
 r - a scroll of fog
 A - a scroll of fear {unknown}
 D - a scroll of teleportation
Potions
 k - a potion of cancellation {unknown}
 p - a potion of invisibility
 q - 5 potions of curing
 u - 3 potions of degeneration {unknown}
 x - a potion of might
Miscellaneous
 j - a legendary deck of destruction
 z - a legendary deck of war {drawn: 4}
 E - an ornate deck of destruction {drawn: 1}
Comestibles
 b - 5 bread rations
 o - 3 meat rations
 w - a fruit
 B - a slice of pizza


   Skills:
 + Level 7.6 Fighting
 + Level 5.5 Throwing
 + Level 6.8 Armour
 - Level 2.4 Dodging
 - Level 2.1 Stealth
 * Level 9.9 Unarmed Combat
 * Level 6.1 Evocations


You had 9 spell levels left.
You didn't know any spells.

Dungeon Overview and Level Annotations

Branches:
Dungeon (9/15)             Temple (0/1) D:6            Lair (0/8) D:9
    Orc: D:9-12

Altars:
Ashenzari
Cheibriados
Dithmenos
Makhleb
Nemelex Xobeh
Ru
Sif Muna
Trog
Vehumet
Xom

Shops:
D:8 (:=?

Annotations:
D:9 Erolcha


Innate Abilities, Weirdness & Mutations

You are resistant to torment.
Your stone body is resilient (AC +7).
You are immune to poison.
You resist negative energy.
You are resistant to electric shocks.
You can survive without breathing.
You are immune to petrification.
You are immune to rotting.
You are partially covered in slimy green scales (AC +2).
You can breathe flames.
Your body sometimes deteriorates upon taking damage.


Message History

You punch something! Something hits you!
ATTACK MOVE TO (-1,-1)
You closely miss something.
ATTACK MOVE TO (-1,-1)
You hit something but do no damage.
You hear some strange, mumbled words.
Something tries to affect you, but you resist.
ATTACK MOVE TO (-1,-1)
You barely miss something.
Your polar bear disappears in a puff of smoke!
Something hits you!
Your body deteriorates!
You feel dopey.
ATTACK MOVE TO (-1,-1)
You closely miss something.
ATTACK MOVE TO (-1,-1)
You closely miss something.
Your boulder beetle disappears in a puff of smoke!
Something hits you.
You die...
Your body disappears without a glow.

.####>..................#######..
.# ###.........#######.# #.. ##
##.######## #..# ##. # #.# #.##
#. # ..# #.# #. # #.## ###'###
###. #) ####### #.....#####... ..
......{####...>.'.....#.
......%9¤##.....#######.
......%#..'.....# #)
.......####.....# #. .(.....
#.....# ## ####### #>....#
#######


There were no monsters in sight!

Table legend:
 A = Turns spent in this place as a percentage of turns spent in the entire game.
 B = Non-inter-level travel turns spent in this place as a percentage of non-inter-level travel turns spent in the entire game.
 C = Inter-level travel turns spent in this place as a percentage of turns spent in this place.
 D = Turns resting spent in this place as a percentage of non-inter-level travel turns spent in this place.
 E = Turns spent auto-exploring this place as a percentage of non-inter-level travel turns spent in this place.
 F = Non-inter-level travel turns spent in this place divided by the number of levels of this place that you've seen.
                   A       B       C       D       E      F
               +-------+-------+-------+-------+-------+----------------------
         Total | 100.0 | 100.0 |   0.3 |   0.7 |   1.7 | 2134.0
       Dungeon |  97.5 |  97.5 |   0.3 |   0.7 |   1.7 | 2312.2
         Sewer |   2.5 |   2.5 |   0.0 |   0.8 |   2.3 | 530.0
               +-------+-------+-------+-------+-------+----------------------

Table legend:
 A = Kills in this place as a percentage of kills in entire the game.
 B = Kills by you in this place as a percentage of kills by you in the entire game.
 C = Kills by friends in this place as a percentage of kills by friends in the entire game.
 D = Other kills in this place as a percentage of other kills in the entire game.
 E = Experience gained in this place as a percentage of experience gained in the entire game.
 F = Experience gained in this place divided by the number of levels of this place that you have seen.
                   A       B       C       D       E      F
               +-------+-------+-------+-------+-------+----------------------
         Total | 100.0 | 100.0 |  -nan | 100.0 | 100.0 | 794.8
       Dungeon |  97.8 |  97.7 |  -nan | 100.0 |  98.4 | 868.8
         Sewer |   2.2 |   2.3 |  -nan |   0.0 |   1.6 | 129.0
               +-------+-------+-------+-------+-------+----------------------

Vanquished Creatures
  A troll (D:9)
  A wyvern (D:9)
  A yak (D:9)
  A deep elf fighter (D:9)
  A hippogriff (D:7)
  Edmund (D:6)
  A water moccasin (D:7)
  4 phantoms
  A black bear (D:6)
  A porcupine (D:8)
  3 orc warriors
  A sky beast (D:9)
  2 crocodiles
  2 ice beasts
  7 centaurs
  4 ogres
  3 giant frogs (D:6)
  5 scorpions
  A wyvern skeleton (D:8)
  7 wights
  3 crimson imps
  6 orc priests
  A giant frog zombie (D:7)
  5 hounds
  4 jellies
  Crazy Yiuf (D:3)
  3 centaur skeletons
  3 iron imps (D:3)
  2 giant frog skeletons
  8 orc wizards
  3 iguanas
  5 worker ants
  A hound skeleton (D:5)
  A worker ant zombie (D:6)
  16 adders
  4 gnolls (D:6)
  A river rat (D:9)
  3 shadow imps (D:5)
  An ooze (D:3)
  An adder zombie (D:9)
  2 worms
  7 giant geckos
  30 orcs
  4 giant cockroaches
  9 goblins
  8 hobgoblins
  19 jackals
  11 kobolds
  5 quokkas
  18 bats
  5 giant newts
  A jackal zombie (D:6)
  27 rats
266 creatures vanquished.

Vanquished Creatures (others)
  An orc wizard (D:9)
  13 fungi (D:9)
  9 plants (D:9)
23 creatures vanquished.

Grand Total: 289 creatures vanquished

Notes
Turn   | Place    | Note
--------------------------------------------------------------
     0 | D:1      | gw the Gargoyle Monk began the quest for the Orb.
     0 | D:1      | Reached XP level 1. HP: 14/14 MP: 1/1
   147 | D:1      | Reached XP level 2. HP: 19/19 MP: 2/2
   499 | D:1      | Reached skill level 1 in Armour
   867 | D:2      | Reached XP level 3. HP: 23/23 MP: 3/3
  1397 | D:2      | Reached skill level 1 in Throwing
  1773 | D:2      | Reached XP level 4. HP: 29/29 MP: 4/4
  1806 | D:2      | Found a deep blue altar of Sif Muna.
  2044 | D:3      | Found a snail-covered altar of Cheibriados.
  2085 | D:3      | Noticed Crazy Yiuf
  2109 | D:3      | Killed Crazy Yiuf
  2109 | D:3      | Reached XP level 5. HP: 13/33 MP: 5/5
  2379 | D:3      | Found a shattered altar of Ashenzari.
  2636 | D:3      | Reached skill level 5 in Unarmed Combat
  2980 | D:3      | Found a burning altar of Makhleb.
  3138 | D:3      | Reached XP level 6. HP: 38/38 MP: 6/6
  4134 | D:4      | Found a bloodstained altar of Trog.
  4257 | D:4      | Found a glowing drain.
  4268 | Sewer    | Entered a sewer
  4368 | Sewer    | Reached skill level 6 in Unarmed Combat
  4368 | Sewer    | Reached XP level 7. HP: 40/44 MP: 7/7
  4443 | Sewer    | Gained mutation: Your body sometimes deteriorates upon taking damage. [potion of mutation]
  4443 | Sewer    | Gained mutation: You are partially covered in slimy green scales (AC +2). [potion of mutation]
  4443 | Sewer    | Gained mutation: You can breathe flames. [potion of mutation]
  4499 | D:5      | Entered Level 5 of the Dungeon
  4607 | D:5      | Reached skill level 5 in Fighting
  4787 | D:5      | Reached XP level 8. HP: 35/49 MP: 8/8
  5043 | D:5      | Reached skill level 7 in Unarmed Combat
  5293 | D:6      | Found a sparkling altar of Nemelex Xobeh.
  5301 | D:6      | Became a worshipper of Nemelex Xobeh the Trickster
  5301 | D:6      | Received a gift from Nemelex Xobeh
  5301 | D:6      | Reached * piety under Nemelex Xobeh
  5301 | D:6      | Received a gift from Nemelex Xobeh
  5301 | D:6      | Reached ** piety under Nemelex Xobeh
  5375 | D:6      | Reached skill level 1 in Evocations
  5479 | D:6      | HP: 2/51 [something/puff of frost (8)]
  5484 | D:6      | HP: 1/51 [something (2)]
  6131 | D:6      | Found a staircase to the Ecumenical Temple.
  6148 | D:6      | Reached skill level 5 in Armour
  6183 | D:6      | Noticed Edmund
  6184 | D:6      | Reached XP level 9. HP: 55/55 MP: 9/11
  6238 | D:6      | Killed Edmund
  6238 | D:6      | Reached skill level 8 in Unarmed Combat
  7479 | D:7      | Found a shadowy altar of Dithmenos.
  7775 | D:7      | Found a radiant altar of Vehumet.
  7776 | D:7      | Found a shimmering altar of Xom.
  7776 | D:7      | Found a sparkling altar of Nemelex Xobeh.
  7777 | D:7      | Found a sacrificial altar of Ru.
  7780 | D:7      | Found a shattered altar of Ashenzari.
  7795 | D:7      | Reached *** piety under Nemelex Xobeh
  8238 | D:8      | Found Faosum's Jewellery Boutique.
  8269 | D:8      | Received a gift from Nemelex Xobeh
  8335 | D:8      | Reached skill level 9 in Unarmed Combat
  8575 | D:8      | Reached XP level 10. HP: 61/61 MP: 13/13
  8798 | D:8      | Reached skill level 5 in Evocations
  9085 | D:8      | Reached skill level 5 in Throwing
  9208 | D:8      | Received a gift from Nemelex Xobeh
  9219 | D:8      | Found Uplin's Magic Scroll Shop.
  9262 | D:8      | Found Adoxoipu's Book Boutique.
  9270 | D:8      | Found Seneed's Weapon Shoppe.
 10541 | D:9      | Found a staircase to the Lair.
 10840 | D:9      | Received a gift from Nemelex Xobeh
 10871 | D:9      | Noticed Erolcha
 10904 | D:9      | HP: 2/63 [something (10)]
 10906 | D:9      | Slain by Erolcha

Action                   |  1- 3 |  4- 6 |  7- 9 | 10-12 || total
-------------------------+-------+-------+-------+-------++-------
Melee: Unarmed           |   102 |   241 |   497 |   428 ||  1268
Throw: Javelin           |    46 |       |       |       ||    46
       Stone             |    43 |   185 |    94 |    94 ||   416
       Tomahawk          |     6 |    34 |    34 |    75 ||   149
 Abil: Evoke Berserk Rag |       |     5 |     3 |     2 ||    10
       Breathe Fire      |       |       |    23 |    16 ||    39
Evoke: Deck              |       |       |    21 |     5 ||    26
  Use: Scroll            |     2 |     2 |     4 |     1 ||     9
       Potion            |     1 |     2 |     5 |     4 ||    12
 Stab: Confused          |       |       |     1 |       ||     1
  Eat: Chunk             |     3 |     7 |    10 |    10 ||    30
       Bread ration      |       |     1 |     2 |       ||     3
       Beef jerky        |       |       |     1 |       ||     1
       Royal jelly       |       |       |       |     1 ||     1
       Fruit             |       |       |       |     1 ||     1

Vault maps used:
D:1:      dpeg_arrival_round_b
D:2:      led_sif_pool, first_bread
D:3:      demons_altar, nicolae_overflow_hidden_temple,
          nicolae_ashenzari_panopticon, uniq_crazy_yiuf_cottage
D:4:      lemuel_crystal_altar, portal_sewer_entry_d
D:6:      forest_paths, minmay_temple_entry_from_below_a, basic_altar,
          uniq_edmund
D:7:      nicolae_dithmenos_through_a_glass_darkly, minitemple, enter_bailey_2
D:8:      serial_shops, shop, nicolae_shop_behind_doors, kennysheep_little_box,
          kennysheep_mini
D:9:      grunt_lair_entry_elf_guard_hut, uniq_erolcha
Sewer:    sewer_the_crocodile
